 Dungeon Crawl Stone Soup version 0.18-a0-952-g309898a (webtiles) character file.

153 filipzpl the Magician (level 5, -2/28 HPs)
             Began as a Deep Elf Wizard on Dec 30, 2015.
             Slain by a centaur skeleton (6 damage)
             ... on level 4 of the Dungeon.
             The game lasted 00:12:08 (2771 turns).

filipzpl the Magician (Deep Elf Wizard)             Turns: 2771, Time: 00:12:08

Health: -2/28      AC:  2    Str:  4    XL:     5   Next: 12%
Magic:  5/16       EV: 12    Int: 24    God:
Gold:   73         SH:  0    Dex: 13    Spells: 4 memorised, 9 levels left

rFire  . . .     SeeInvis .     (no weapon)
rCold  . . .     Gourm    .     a - +0 robe
rNeg   . . .     Faith    .     (no shield)
rPois  .         Spirit   .     b - +0 hat
rElec  .         Dismiss  .     (no cloak)
rCorr  .         Reflect  .     (no gloves)
SustAt .         Harm     .     (no boots)
MR     .....                    (no amulet)
Stlth  ++........               (no ring)
                                (no ring)

@: very slightly contaminated, not resistant to hostile enchantments, unstealthy
A: no striking features
a: no special abilities


You were on level 4 of the Dungeon.
You were not hungry.

You visited 1 branch of the dungeon, and saw 4 of its levels.

You collected 73 gold pieces.

Inventory:

Armour
 a - a +0 robe (worn)
 b - a +0 hat (worn)
 l - a +0 pair of boots
Scrolls
 e - 2 scrolls of identify {unknown}
 h - 4 scrolls of remove curse {unknown}
 j - 2 scrolls of enchant weapon {unknown}
 k - a scroll of immolation {unknown}
 p - a scroll of amnesia {unknown}
Potions
 f - a potion of cure mutation {unknown}
 i - a potion of cancellation {unknown}
 m - a potion of haste {unknown}
 n - 2 potions of magic {unknown}
 o - a potion of poison {unknown}
 q - 2 potions of curing {unknown}
 s - a potion of flight {unknown}
Books
 c - a book of Minor Magic

   Spells                             Type                      Level
   a - Magic Dart                     Conjuration                  1
   b - Blink                          Translocation                2
   c - Call Imp                       Summoning                    2
   d - Repel Missiles                 Charms/Air                   2
   e - Slow                           Hexes                        2
   f - Conjure Flame                  Conjuration/Fire             3
   g - Mephitic Cloud                 Conjuration/Poison/Air       3
Comestibles
 d - 2 bread rations
 g - 3 beef jerkies
 r - a meat ration


   Skills:
 - Level 2.4 Dodging
 - Level 2.4 Stealth
 * Level 7.3 Spellcasting
 - Level 2.6 Conjurations
   Level 1.1 Summonings
 - Level 1.1 Translocations


You had 9 spell levels left.
You knew the following spells:

 Your Spells              Type           Power        Failure   Level  Hunger
a - Magic Dart            Conj           ###.         1%          1    None
b - Blink                 Tloc           N/A          10%         2    None
c - Conjure Flame         Conj/Fire      ###.....     14%         3    None
d - Mephitic Cloud        Conj/Pois/Air  ##......     17%         3    None


Dungeon Overview and Level Annotations

Branches:
Dungeon (4/15)
 Temple: D:4-7

Altars:

Annotations:
D:4 nublet's ghost, amateur OgGl


Message History

The stinking cloud engulfs you!
The stinking cloud engulfs the ogre.
You hear a shout! x4
The centaur skeleton hits you.
The ogre is engulfed in noxious fumes.
The ogre appears confused.
The ogre asks, "Where am I?"
The centaur skeleton misses you. The centaur skeleton hits you.
An orc comes into view. It is wielding a dagger.
The orc shouts!
The centaur skeleton completely misses you.
The orc throws a tomahawk.
The tomahawk hits you.
* * * LOW HITPOINT WARNING * * *
An orc wizard comes into view. It is wielding a dagger.
You see here a tomahawk.
A hound comes into view.
An orc priest comes into view. It is wielding a hand axe.
The orc throws a tomahawk.
The tomahawk hits you but does no damage.
The centaur skeleton hits you.
You die...

####.##....
#...o.h...#
#.#.#o#.#.# .
#
#...o.....#.#
#
#.#.#.#.#...#
#
#............
# #.#.#.#.#..#
# #.(.Z@.....#
# #.#(#W#.#.##
# #....O....#
# ###.#.#####
# #...# ###
###.# #..
#######.## #..
#.......O##
#..
#.#..##.##.O.#
#..


You could see 2 ogres, a hound (wandering), an orc priest, an orc wizard,
nublet's ghost, an orc and a centaur skeleton.

Vanquished Creatures
  The ghost of Voda the Sneak, a weakling FeWz (D:3)
  10 adders
  2 giant geckos
  6 bats
  2 giant cockroaches
  10 hobgoblins
  9 giant newts
  2 goblins
  3 jackals (D:2)
  5 kobolds
  9 rats
59 creatures vanquished.

Notes
Turn   | Place    | Note
--------------------------------------------------------------
     0 | D:1      | filipzpl the Deep Elf Wizard began the quest for the Orb.
     0 | D:1      | Reached XP level 1. HP: 10/10 MP: 7/7
   234 | D:1      | Reached XP level 2. HP: 15/15 MP: 6/9
   387 | D:1      | Reached skill level 5 in Spellcasting
  1068 | D:2      | Reached XP level 3. HP: 19/19 MP: 9/12
  1093 | D:2      | Learned a level 2 spell: Blink
  1097 | D:2      | Learned a level 3 spell: Conjure Flame
  1101 | D:2      | Learned a level 3 spell: Mephitic Cloud
  1217 | D:2      | Reached skill level 6 in Spellcasting
  1366 | D:2      | Reached XP level 4. HP: 15/24 MP: 4/14
  1908 | D:3      | Noticed Voda's ghost (weakling FeWz)
  1910 | D:3      | Killed Voda's ghost
  1922 | D:3      | Reached skill level 7 in Spellcasting
  2017 | D:3      | Reached XP level 5. HP: 28/28 MP: 10/16
  2749 | D:4      | Noticed nublet's ghost (amateur OgGl)
  2751 | D:4      | Noticed an ogre
  2752 | D:4      | Noticed an ogre
  2771 | D:4      | Slain by a centaur skeleton

Vault maps used:
D:1:      lemuel_arrival_behind_the_door_small, st_stairs_3, hex_intersection,
          minmay_newt_pond
D:2:      first_bread
D:3:      lightli_sewer_entry_pipes, nicolae_underground_beach
D:4:      serial_co_window_serial, co_window_corner_a, co_window_paths_a,
          co_window_paths_b, co_window_paths_b, co_window_paths_b,
          co_window_2corner, co_window_of_opportunity_b, co_window_broadway_b,
          co_window_cross_4, co_window_corner_ca, glass_columns_a,
          glass_columns_a, glass_columns_a, glass_columns_c, glass_columns_a,
          minmay_box_of_dots

Action                   |  1- 3 |  4- 6 || total
-------------------------+-------+-------++-------
Melee: Unarmed           |     3 |       ||     3
 Cast: Magic Dart        |    85 |    53 ||   138
       Blink             |       |     3 ||     3
       Mephitic Cloud    |       |     1 ||     1
  Eat: Chunk             |     1 |     2 ||     3
       Bread ration      |       |     1 ||     1
